 Dungeon Crawl Stone Soup version 0.30.1-11-g7821555f0a (webtiles) character file.

Game seed: 2128278761856389781

848 booth the Cleaver (level 8, -6/73 HPs)
             Began as a Hill Orc Monk on Nov 29, 2023.
             Was a Believer of Beogh.
             Mangled by a boulder beetle (19 damage)
             ... on level 6 of the Dungeon.
             The game lasted 00:25:08 (6366 turns).

booth the Cleaver (Hill Orc Monk)                   Turns: 6366, Time: 00:25:09

Health: -6/73      AC:  6    Str: 16    XL:     8   Next: 1%
Magic:  8/8        EV: 11    Int: 10    God:    Beogh [**....]
Gold:   224        SH:  0    Dex: 13    Spells: 7/7 levels left

rFire   . . .        a - +0 hand axe
rCold   + . .        (no shield)
rNeg    . . .        o - +1 ring mail
rPois   .            (no helmet)
rElec   .            (no cloak)
rCorr   .            (no gloves)
SInv    .            (no boots)
Will    .....        (no amulet)
Stlth   +            i - ring of protection from cold
HPRegen 0.32/turn    (no ring)
MPRegen 0.11/turn

%: no passive effects
@: flying
A: no striking features
a: Renounce Religion, Smiting


You were on level 6 of the Dungeon.
You worshipped Beogh.
Beogh was pleased with you.
You visited 1 branch of the dungeon, and saw 6 of its levels.

You collected 224 gold pieces.

Inventory:

Hand Weapons
 a - a +0 hand axe (weapon)
Missiles
 j - 2 boomerangs (quivered)
 l - 3 poisoned darts
Armour
 d - an orb of light
 o - a +1 ring mail (worn)
Jewellery
 i - a ring of protection from cold (left hand)
Wands
 m - a wand of roots (7)
 n - a wand of flame (8)
Scrolls
 g - a scroll of amnesia
 k - a scroll of teleportation {unknown}
 p - 2 scrolls of poison
Potions
 b - 2 potions of haste
 c - a potion of ambrosia
 e - a potion of attraction {unknown}
 f - a potion of brilliance
 h - a potion of might
 q - a potion of curing


   Skills:
 + Level 7.0 Fighting
 * Level 10.2 Axes
 + Level 0.0 Throwing
 + Level 0.0 Armour
 - Level 2.4 Dodging


You had 7 spell levels left.
You didn't know any spells.
Your spell library contained the following spells:

 Spells                   Type           Power      Damage    Failure   Level
 Stone Arrow              Conj/Erth      0%         3d7       91%         3
 Animate Armour           Summ/Erth      0%         N/A       100%        4
 Lehudib's Crystal Spear  Conj/Erth      0%         10d2      100%        8


Dungeon Overview and Level Annotations

Branches:
Dungeon (6/15)             Temple (0/1) D:4

Altars:
Dithmenos
Yredelemnul
The Shining One

Shops:
D:4 =


Message History

The boulder beetle curls into a ball and begins rolling!
Things that are here:
a +0 club; an orc corpse You start resting.
HP restored.
Found 7 stones.
Found a scroll of identify.
r - a glowing red potion The boulder beetle curls into a ball and begins rolling!
The boulder beetle closely misses you.
The boulder beetle stops rolling and uncurls.
The boulder beetle barely misses you.
You hit the boulder beetle but do no damage.
The boulder beetle bites you!!
You barely miss the boulder beetle. You slash the boulder beetle!
The boulder beetle is lightly wounded.
The boulder beetle closely misses you.
You hit the boulder beetle but do no damage.
The boulder beetle is lightly wounded.
The boulder beetle barely misses you.
You hit the boulder beetle but do no damage.
The boulder beetle is lightly wounded.
The boulder beetle bites you!
You hit the boulder beetle but do no damage.
The boulder beetle is lightly wounded.
The boulder beetle bites you!
You hit the boulder beetle but do no damage.
The boulder beetle is lightly wounded.
You hit the boulder beetle but do no damage.
The boulder beetle is lightly wounded.
The boulder beetle bites you!
You hit the boulder beetle but do no damage.
The boulder beetle is lightly wounded.
The boulder beetle bites you!
* * * LOW HITPOINT WARNING * * *
It was a potion of flight.
You feel very buoyant.
You fly up into the air.
The boulder beetle bites you!!
You die...

###...#####.# .#
#........##.####.##
#..............^..#
..................##
...................#
...................#
.........#####.....#
.........# ##.##.#
......B@## #.# #
.#..(.#.# ####.#
#....#.# #....#
#?...#.# #....# ##.#
#)# #....# #. #.#
#....# . #.# #...<#
#.# #....#
#.####....###


You could see a boulder beetle.

Vanquished Creatures
  Sigmund (D:3)
  A steam dragon (D:5)
  A bullfrog (D:5)
  A jelly (D:4)
  6 hounds
  Jessica (D:2)
  An iguana (D:4)
  4 gnolls
  9 adders
  7 worms
  4 dart slugs
  4 orcs
  8 endoplasms
  6 giant cockroaches
  10 goblins
  9 hobgoblins
  8 jackals
  A quokka (D:1)
  6 ball pythons
  3 bats
  5 frilled lizards
  10 kobolds
  7 rats
113 creatures vanquished.

Vanquished Creatures (others)
  An orc (D:4)
1 creature vanquished.

Grand Total: 114 creatures vanquished

Notes
Turn   | Place    | Note
-------+----------+-------------------------------------------
     0 | D:1      | booth the Hill Orc Monk began the quest for the Orb.
     0 | D:1      | Reached XP level 1. HP: 19/19 MP: 1/1
   169 | D:1      | Reached XP level 2. HP: 20/27 MP: 2/2
   311 | D:1      | Reached skill level 5 in Axes
   455 | D:1      | Reached XP level 3. HP: 33/33 MP: 3/3
  1159 | D:2      | Reached XP level 4. HP: 40/41 MP: 4/4
  1439 | D:2      | Noticed Jessica
  1453 | D:2      | Killed Jessica
  1454 | D:2      | Reached skill level 6 in Axes
  2189 | D:3      | Reached XP level 5. HP: 42/47 MP: 5/5
  2559 | D:3      | Noticed Sigmund
  2568 | D:3      | Reached skill level 5 in Fighting
  2574 | D:3      | Killed Sigmund
  2575 | D:3      | Reached skill level 8 in Axes
  2575 | D:3      | Reached XP level 6. HP: 33/57 MP: 6/6
  3883 | D:4      | Reached XP level 7. HP: 48/63 MP: 7/7
  4004 | D:4      | Found a staircase to the Ecumenical Temple.
  4035 | D:4      | Found Videixuysa's Jewellery Emporium.
  4185 | D:4      | Became a worshipper of Beogh the Brigand
  4185 | D:4      | Reached * piety under Beogh
  4185 | D:4      | Reached ** piety under Beogh
  4316 | D:4      | Found a basalt altar of Yredelemnul.
  4811 | D:4      | Reached skill level 9 in Axes
  4821 | D:4      | Found a glowing golden altar of the Shining One.
  4828 | D:4      | Found a shadowy altar of Dithmenos.
  5215 | D:5      | Entered Level 5 of the Dungeon
  5215 | D:5      | Noticed a steam dragon
  5253 | D:5      | HP: 3/64 [steam dragon (1)]
  5260 | D:5      | Killed a steam dragon
  5762 | D:5      | Reached skill level 10 in Axes
  6268 | D:6      | Reached XP level 8. HP: 59/73 MP: 8/8
  6273 | D:6      | Noticed a boulder beetle
  6366 | D:6      | Mangled by a boulder beetle

Illustrated notes

Levels and vault maps discovered:
D:1:      lemuel_arrival_lava_pool, layout_basic, serial_bayou_ford_a,
          minmay_misc_feat_pillars
D:2:      minmay_kobold_bridge, layout_basic, grunt_decor_mini_mirrors,
          uniq_jessica
D:3:      minmay_bubble_buster, layout_loops_ring, serial_rivers,
          chequers_serial_rivers_micro_e, chequers_serial_rivers_micro_c,
          chequers_serial_rivers_micro_c, chequers_serial_rivers_marsh,
          chequers_serial_rivers_room_b, chequers_serial_rivers_large_a,
          uniq_sigmund
D:4:      layout_loops_cross, kennysheep_mini_moat, minitemple,
          minmay_temple_entry_stoned_glass, serial_shops,
          nicolae_shop_statue_plus
D:5:      layout_cave_pods
D:6:      layout_basic, nicolae_uskayaw_murder_on_the_dancefloor,
          minmay_joined_circles, uniq_duvessa, uniq_crazy_yiuf_cottage

Skill      XL: |  1  2  3  4  5  6  7 |
---------------+----------------------+-----
Fighting       | 4 5 6 7 |  7.0
Axes           | 5 6 8 10 | 10.2
Dodging        | |  2.4

Action                     |  1- 3 |  4- 6 |  7- 9 || total
---------------------------+-------+-------+-------++-------
  Melee: Hand axe          |   111 |   220 |   129 ||   460
         Punch             |       |       |     2 ||     2
 Invoke: Convert to Beogh  |       |       |     1 ||     1
    Use: Scroll            |     1 |     6 |     5 ||    12
         Potion            |       |       |     3 ||     3
 Armour: Robe              |    20 |    26 |     3 ||    49
         Ring mail         |       |       |    33 ||    33
  Dodge: Dodged            |    49 |   102 |    60 ||   211
